 Dungeon Crawl Stone Soup version 0.27.1-4-g1640c2035a (webtiles) character file.

Game seed: 12128844902155236849

1444 Stomo444 the Purveyor of Pain (level 8, -6/39 HPs)
             Began as a Vine Stalker Necromancer on Nov 11, 2021.
             Was an Initiate of Kikubaaqudgha.
             Killed by divine providence
             ... invoked by an orc priest
              (14 damage)
             ... on level 7 of the Dungeon.
             The game lasted 00:17:52 (8197 turns).

Stomo444 the Purveyor of Pain (VSNe)                Turns: 8197, Time: 00:17:52

Health: -6/39      AC:  4    Str: 13    XL:     8   Next: 74%
Magic:  0/18       EV: 13    Int: 15    God:    Kikubaaqudgha [......]
Gold:   427        SH:  0    Dex: 15    Spells: 15/19 levels left

rFire    . . .     SeeInvis .   h - +2 whip (elec)
rCold    + . .     Faith    .   (no shield)
rNeg     . . .     Spirit   +   a - +0 robe
rPois    .         Reflect  .   (no helmet)
rElec    .         Harm     .   (no cloak)
rCorr    .         Rampage  .   (no gloves)
Will     +....                  k - +1 pair of boots
Stlth    ++........             (no amulet)
HPRegen  1.13/turn              p - ring of protection from cold
MPRegen  0.16/turn              (no ring)

@: studying Dodging
A: fangs 3, regeneration 1, magic shield, antimagic bite, no potion heal 2
a: Renounce Religion


You were on level 7 of the Dungeon.
You worshipped Kikubaaqudgha.
Kikubaaqudgha was noncommittal.
You visited 2 branches of the dungeon, and saw 8 of its levels.

You collected 427 gold pieces.

Inventory:

Hand Weapons
 g - a +1 vampiric whip
 h - a +2 whip of electrocution (weapon)
Missiles
 j - a throwing net
Armour
 a - a +0 robe (worn)
 k - a +1 pair of boots (worn)
Jewellery
 o - an amulet of faith
 p - a ring of protection from cold (left hand)
Wands
 m - a wand of polymorph (4)
Scrolls
 c - 3 scrolls of amnesia
 d - 3 scrolls of identify
 n - 2 scrolls of fog {unknown}
 s - a scroll of immolation {unknown}
Potions
 b - 2 potions of heal wounds
 f - 2 potions of lignification {unknown}
 l - 3 potions of degeneration {unknown}
 q - a potion of curing
 r - a potion of mutation {unknown}
 t - a potion of flight {unknown}


   Skills:
 + Level 2.5 Fighting
 + Level 4.4 Maces & Flails
 + Level 3.4 Dodging
 - Level 2.4 Stealth
 - Level 6.1 Spellcasting
 - Level 7.0 Necromancy


You had 15 spell levels left.
You knew the following spells:

 Your Spells              Type           Power      Damage    Failure   Level
a - Pain                  Necr           100%       1d9       1%          1
b - Vampiric Draining     Necr           12%        2d7       2%          3

Your spell library contained the following spells:

 Spells                   Type           Power      Damage    Failure   Level
 Animate Skeleton         Necr           50%        N/A       1%          1
 Animate Dead             Necr           12%        N/A       9%          4
 Apportation              Tloc           8%         N/A       14%         1
 Corona                   Hex            4%         N/A       14%         1
 Summon Small Mammal      Summ           16%        N/A       14%         1
 Static Discharge         Conj/Air       4%         N/A       22%         2
 Agony                    Necr           25%        N/A       22%         5
 Call Canine Familiar     Summ           4%         N/A       41%         3
 Ozocubu's Armour         Ice            4%         N/A       41%         3
 Summon Guardian Golem    Hex/Summ       4%         N/A       41%         3
 Summon Lightning Spire   Summ/Air       4%         N/A       82%         4
 Lightning Bolt           Conj/Air       2%         1d13      99%         5
 Malign Gateway           Summ/Tloc      2%         N/A       100%        7
 Ozocubu's Refrigeration  Ice            2%         4d5       100%        7
 Storm Form               Tmut/Air       2%         N/A       100%        7
 Maxwell's Capacitive Co  Air            2%         ∞         100%        8
 Summon Horrible Things   Summ           2%         N/A       100%        8


Dungeon Overview and Level Annotations

Branches:
Dungeon (7/15)             Temple (1/1) D:7

Altars:
Ashenzari
Cheibriados
Dithmenos
Elyvilon
Fedhas
Gozag
Hepliaklqana
Kikubaaqudgha
Makhleb
Nemelex Xobeh
Okawaru
Qazlal
Ru
Sif Muna
Trog
Uskayaw
Vehumet
Wu Jian
Xom
Yredelemnul
Zin
The Shining One


Innate Abilities, Weirdness & Mutations

You have razor-sharp teeth.
Your natural rate of healing is unusually fast.
When hurt, damage is shared between your health and your magic reserves.
Your bite disrupts and absorbs the magic of your enemies.
Potions cannot restore your health.


Message History

Aiming: Vampiric Draining (dangerous; 2% risk of failure)
Press: ? - help, Shift-Dir - straight line You draw life force from something!
You feel life coursing into your body. Something hits you.
Something shocks you.
You miss something. Your bite misses something. Something hits you.
Something shocks you.
* * * LOW HITPOINT WARNING * * *
Unknown command.
Okay, then.
A sky beast appears from thin air!
Reactivating autopickup.
You hit the sky beast.
The sky beast is severely wounded.
The sky beast barely misses you.
You hit the sky beast.
The sky beast is almost dead.
The sky beast hits you.
* * * LOW HITPOINT WARNING * * *
The sky beast shocks you.
* * * LOW HITPOINT WARNING * * *
You barely miss the sky beast.
The sky beast is almost dead.
The sky beast hits you.
* * * LOW HITPOINT WARNING * * *
The sky beast shocks you.
* * * LOW HITPOINT WARNING * * *
You hit the sky beast.
You kill the sky beast!
Kikubaaqudgha accepts your kill.
Okay, then.
Okay, then.
The orc shouts!
The orc priest invokes the aid of Beogh against you.
Pain shoots through your body!
* * * LOW HITPOINT WARNING * * *
There is a staircase to the Ecumenical Temple here.
The orc priest calls down the wrath of Beogh upon you.
Beogh smites you!
You die...
Kikubaaqudgha rasps: "You have failed me!
Welcome... death!"

................#
..##...####....# ##.##
#..#.## #.# ###.....#
# ##.###...#.#...##
#......###.# ...
#?..o###...##.##
#..#.o......#..##
##...##?)@..##...
###..#........#. . #.
### #..##...###... ...
..# #...#.###...## .#.
#.# #...#.#...# .. #.#
###......<# .##>
#.######.#....##
....###..............#
...........######...##


You could see an orc priest and an orc.

Vanquished Creatures
  A water moccasin (D:5)
  A sky beast (D:7)
  A black bear (D:5)
  2 centaurs (D:5)
  An ogre (D:5)
  3 scorpions
  2 water moccasin skeletons (D:5)
  A bullfrog zombie (D:6)
  2 orc priests (D:6)
  A centaur skeleton (D:5)
  A hound (D:5)
  7 orc wizards
  3 iguanas
  A hound skeleton (D:4)
  A howler monkey zombie (D:5)
  5 adders
  A shadow imp (D:5)
  A white imp (D:5)
  An ufetubus (D:4)
  An adder skeleton (D:4)
  3 worms
  5 dart slugs
  24 orcs
  15 ball pythons
  2 bats
  9 endoplasms
  6 giant cockroaches
  10 goblins
  8 hobgoblins
  4 jackals (D:1)
  5 quokkas
  3 frilled lizards
  8 kobolds
  8 rats
147 creatures vanquished.

Notes
Turn   | Place    | Note
-------+----------+-------------------------------------------
     0 | D:1      | Stomo444 the Vine Stalker Necromancer began the quest for
                  | the Orb.
     0 | D:1      | Reached XP level 1. HP: 9/9 MP: 4/4
   477 | D:1      | Reached XP level 2. HP: 11/14 MP: 3/6
   550 | D:1      | Reached skill level 1 in Fighting
  1169 | D:1      | Reached XP level 3. HP: 10/18 MP: 0/7
  1406 | D:1      | Learned a level 3 spell: Vampiric Draining
  2027 | D:1      | Reached skill level 1 in Maces & Flails
  2515 | D:2      | Gained mutation: Your natural rate of healing is unusually
                  | fast. [Vine Stalker growth]
  2515 | D:2      | Reached XP level 4. HP: 23/23 MP: 8/8
  2578 | D:2      | Found a faded altar of an unknown god.
  3053 | D:2      | Found a blossoming altar of Fedhas.
  3699 | D:3      | Found an opulent altar of Gozag.
  3740 | D:3      | Reached XP level 5. HP: 26/26 MP: 7/9
  4799 | D:4      | Reached XP level 6. HP: 30/30 MP: 10/10
  5212 | D:5      | Entered Level 5 of the Dungeon
  5936 | D:5      | Reached skill level 5 in Necromancy
  5936 | D:5      | Reached XP level 7. HP: 29/34 MP: 9/13
  6155 | D:5      | Reached skill level 6 in Necromancy
  6160 | D:5      | Reached skill level 5 in Spellcasting
  6187 | D:5      | Gained mutation: You have razor-sharp teeth. [Vine Stalker
                  | growth]
  6187 | D:5      | Reached XP level 8. HP: 38/38 MP: 16/16
  6924 | D:6      | Reached skill level 7 in Necromancy
  7613 | D:7      | Found a staircase to the Ecumenical Temple.
  7636 | Temple   | Entered the Ecumenical Temple
  8147 | Temple   | Became a worshipper of Kikubaaqudgha
  8197 | D:7      | Killed from afar by an orc priest

Illustrated notes

Levels and vault maps discovered:
D:1:      matt_arrival_diagonals, layout_basic, minmay_quantized
D:2:      layout_basic, basic_altar, chequers_ecumenical_altar_grove
D:3:      layout_basic, nicolae_overflow_hidden_temple, gup_sewer_entry_bowl,
          st_stairs_14
D:4:      layout_gridville
D:5:      minmay_opposing_rooms, layout_basic, corexii_item_surrounded_by_moat,
          glass_columns_b, moated_statue, grunt_ministairs_9,
          minmay_manual_mares
D:6:      layout_cave_pools
D:7:      cheibrodos_barr_body, layout_loops_ring, minmay_temple_entry_slanted,
          dk_noncrumbling_4
Temple:   compressed_dpeg_triangle_lava_temple

Skill      XL: |  1  2  3  4  5  6  7  8 |
---------------+-------------------------+-----
Fighting       | 1 2 |  2.5
Dodging        | 2 3 |  3.4
Maces & Flails | 1 3 4 |  4.4
Spellcasting   | 3 5 6 |  6.1
Necromancy     | 5 6 7 |  7.0
Stealth        | |  2.4

Action                   |  1- 3 |  4- 6 |  7- 9 || total
-------------------------+-------+-------+-------++-------
Melee: Unarmed           |     5 |       |       ||     5
       Whip              |    54 |   135 |    82 ||   271
       Bite              |    12 |    27 |    16 ||    55
 Cast: Pain              |    59 |    74 |    43 ||   176
       Vampiric Draining |     1 |     5 |     6 ||    12
  Use: Scroll            |       |     6 |     2 ||     8
       Potion            |       |     1 |       ||     1
 Stab: Sleeping          |     2 |     2 |       ||     4
       Distracted        |       |       |     1 ||     1
Armor: Robe              |    10 |    15 |    23 ||    48
Dodge: Dodged            |    51 |    66 |    26 ||   143
